 Dungeon Crawl Stone Soup version 0.29-a0-284-gf9362112df (webtiles) character file.

Game seed: 9138446359974824433

1057 epen the Archer (level 8, -4/59 (63) HPs)
             Began as a Gnoll Hunter on Mar 14, 2022.
             Was a Priest of Qazlal.
             Slain by a wight
             ... wielding a +0 flail
              (9 damage)
             ... on level 6 of the Dungeon.
             The game lasted 00:05:54 (4920 turns).

epen the Archer (Gnoll Hunter)                      Turns: 4920, Time: 00:05:54

HP:   -4/59 (63)    AC:  4    Str: 11    XL:     8   Next: 27%
MP:   12/12         EV: 14    Int:  8    God:    Qazlal [***...]
Gold: 187           SH:  3    Dex: 18    Spells: 13/13 levels left

rFire   + . .      SeeInvis .   g - +3 hand crossbow (freeze)
rCold   . . .      Faith    .   (no shield)
rNeg    . . .      Spirit   .   b - +1 leather armour
rPois   .          Reflect  .   (no helmet)
rElec   .          Harm     .   (no cloak)
rCorr   .          Rampage  .   (no gloves)
Will    .....                   (no boots)
Stlth   ++........              h - amulet of magic regeneration
HPRegen 0.19/turn               w - ring of protection from fire
MPRegen 0.53/turn               (no ring)

@: drained
A: fangs 1, strong nose, distributed training
a: Renounce Religion, Upheaval, Elemental Force


You were on level 6 of the Dungeon.
You worshipped Qazlal.
Qazlal was most pleased with you.
You visited 1 branch of the dungeon, and saw 6 of its levels.

You collected 356 gold pieces.
You spent 169 gold pieces at shops.

Inventory:

Hand Weapons
 a - a +2 shortbow
 g - a +3 hand crossbow of freezing (weapon)
Missiles
 q - a throwing net
Armour
 b - a +1 leather armour (worn)
Jewellery
 h - an amulet of magic regeneration (around neck)
 k - an amulet of faith
 w - a ring of protection from fire (left hand)
Wands
 p - a wand of flame (19)
 u - a wand of mindburst (19)
Scrolls
 c - a scroll of immolation
 d - 5 scrolls of identify
 j - 3 scrolls of teleportation
 n - a scroll of vulnerability
Potions
 e - a potion of curing {unknown}
 f - a potion of heal wounds
 i - 3 potions of lignification
 l - a potion of degeneration {unknown}
 m - 2 potions of berserk rage
 o - a potion of attraction
 r - 4 potions of mutation


   Skills:
 + Level 5.6 Fighting
 + Level 3.1 Short Blades
 + Level 3.1 Long Blades
 + Level 3.1 Axes
 + Level 3.1 Maces & Flails
 + Level 3.1 Polearms
 + Level 3.1 Staves
 + Level 3.1 Slings
 + Level 9.1 Bows
 + Level 3.1 Crossbows
 + Level 3.1 Throwing
 + Level 3.1 Armour
 + Level 5.6 Dodging
 + Level 4.0 Stealth
 + Level 3.1 Shields
 + Level 3.1 Unarmed Combat
 + Level 3.1 Spellcasting
 + Level 2.5 Conjurations
 + Level 2.5 Hexes
 + Level 2.5 Summonings
 + Level 2.5 Necromancy
 + Level 2.5 Translocations
 + Level 2.5 Transmutations
 + Level 2.5 Fire Magic
 + Level 2.5 Ice Magic
 + Level 2.5 Air Magic
 + Level 2.5 Earth Magic
 + Level 2.5 Poison Magic
 + Level 3.4 Invocations
 + Level 3.1 Evocations


You had 13 spell levels left.
You didn't know any spells.
Your spell library contained the following spells:

 Spells                   Type           Power      Damage    Failure   Level
 Freeze                   Ice            20%        1d4       14%         1
 Static Discharge         Conj/Air       5%         N/A       22%         2
 Frozen Ramparts          Ice            10%        1d3       41%         3
 Dispel Undead            Necr           5%         3d7       82%         4
 Hailstorm                Conj/Ice       5%         3d4       82%         4
 Sticky Flame             Conj/Fire      5%         2d3       82%         4


Dungeon Overview and Level Annotations

Branches:
Dungeon (6/15)             Temple (0/1) D:4

Altars:
Qazlal
Wu Jian

Shops:
D:4 *   D:6 (


Innate Abilities, Weirdness & Mutations

You have very sharp teeth.
Your uncanny sense of smell can sniff out nearby items.
Your experience applies equally to all skills.


Message History

The wight hits you with a +0 flail!
You feel drained.
You are too injured to fight recklessly!
You are too injured to fight recklessly!
Shoot: g) +3 hand crossbow (freeze)
Press: ? - help, Shift-Dir - straight line, f/p - wight
Aim: a wight, wielding a +0 flail and wearing a +0 robe (severely damaged, 68% to hit)
You shoot a bolt.
The bolt hits the wight but does no damage.
The wight is severely damaged.
The wight closely misses you.
Shoot: g) +3 hand crossbow (freeze)
Press: ? - help, Shift-Dir - straight line, f/p - wight
Aim: a wight, wielding a +0 flail and wearing a +0 robe (severely damaged, 68% to hit)
You shoot a bolt. The bolt barely misses the wight.
The bolt hits the wight.
The wight is lightly damaged.
The wight misses you. The wight barely misses you.
Shoot: g) +3 hand crossbow (freeze)
Press: ? - help, Shift-Dir - straight line, f/p - wight
Aim: a wight, wielding a +0 flail and wearing a +0 robe (severely damaged, 68% to hit)
You shoot a bolt. The bolt barely misses the wight. x2
The wight barely misses you.
Shoot: g) +3 hand crossbow (freeze)
Press: ? - help, Shift-Dir - straight line, f/p - wight
Aim: a wight, wielding a +0 flail and wearing a +0 robe (severely damaged, 68% to hit)
You shoot a bolt.
The bolt hits the wight but does no damage.
The wight is severely damaged.
The wight hits you with a +0 flail.
* * * LOW HITPOINT WARNING * * *
Shoot: g) +3 hand crossbow (freeze)
Press: ? - help, Shift-Dir - straight line, f/p - wight
Aim: a wight, wielding a +0 flail and wearing a +0 robe (severely damaged, 68% to hit)
You shoot a bolt. The bolt hits the wight.
The wight is almost destroyed.
The wight hits you with a +0 flail!
* * * LOW HITPOINT WARNING * * *
You feel drained.
* * * LOW HITPOINT WARNING * * *
The wight hits you with a +0 flail!
You die...

######.#........#
>. #.#........#
.###.##.#........#
.................#
..#..#.##########
#. #.# #..#.#
##.#..#.##########
.........zz@....$#
.#.####.########.#
#.............#
#.####)#......#
#.#..#####
#.##)### #......#
####.#z#
.........#


You could see 2 wights.

Vanquished Creatures
  Sigmund (D:6)
  A black bear (D:4)
  A centaur (D:6)
  3 scorpions
  A wight (D:6)
  2 orc priests
  4 hounds
  2 iguanas (D:5)
  2 orc wizards (D:5)
  8 adders
  3 gnolls (D:5)
  A shadow imp (D:6)
  2 ufetubi
  8 worms
  3 dart slugs
  10 orcs
  3 endoplasms
  3 giant cockroaches
  6 goblins
  8 hobgoblins
  7 kobolds
  4 quokkas
  13 ball pythons
  3 bats
  A frilled lizard (D:1)
  3 rats
103 creatures vanquished.

Vanquished Creatures (others)
  An orc wizard (D:5)
  3 plants (D:4)
4 creatures vanquished.

Grand Total: 107 creatures vanquished

Notes
Turn   | Place    | Note
-------+----------+-------------------------------------------
     0 | D:1      | epen the Gnoll Hunter began the quest for the Orb.
     0 | D:1      | Reached XP level 1. HP: 20/20 MP: 1/1
   387 | D:1      | Found a faded altar of an unknown god.
   389 | D:1      | Reached XP level 2. HP: 26/26 MP: 2/2
   396 | D:1      | Prayed at the altar of an unknown god.
   396 | D:1      | Became a worshipper of Qazlal Stormbringer
   396 | D:1      | Reached * piety under Qazlal
  1035 | D:2      | Reached XP level 3. HP: 31/31 MP: 3/3
  1249 | D:2      | Reached skill level 1 in Invocations
  1336 | D:2      | Reached ** piety under Qazlal
  1560 | D:3      | Reached skill level 1 in Short Blades
  1560 | D:3      | Reached skill level 1 in Long Blades
  1560 | D:3      | Reached skill level 1 in Axes
  1560 | D:3      | Reached skill level 1 in Maces & Flails
  1560 | D:3      | Reached skill level 1 in Polearms
  1560 | D:3      | Reached skill level 1 in Staves
  1560 | D:3      | Reached skill level 1 in Slings
  1560 | D:3      | Reached skill level 1 in Crossbows
  1560 | D:3      | Reached skill level 1 in Throwing
  1560 | D:3      | Reached skill level 1 in Armour
  1560 | D:3      | Reached skill level 1 in Shields
  1560 | D:3      | Reached skill level 1 in Unarmed Combat
  1560 | D:3      | Reached skill level 1 in Spellcasting
  1560 | D:3      | Reached skill level 1 in Evocations
  1789 | D:3      | Reached XP level 4. HP: 38/38 MP: 5/5
  2459 | D:4      | Reached skill level 1 in Conjurations
  2459 | D:4      | Reached skill level 1 in Hexes
  2459 | D:4      | Reached skill level 1 in Summonings
  2459 | D:4      | Reached skill level 1 in Necromancy
  2459 | D:4      | Reached skill level 1 in Translocations
  2459 | D:4      | Reached skill level 1 in Transmutations
  2459 | D:4      | Reached skill level 1 in Fire Magic
  2459 | D:4      | Reached skill level 1 in Ice Magic
  2459 | D:4      | Reached skill level 1 in Air Magic
  2459 | D:4      | Reached skill level 1 in Earth Magic
  2459 | D:4      | Reached skill level 1 in Poison Magic
  2522 | D:4      | Found Foippul's Assorted Antiques.
  2535 | D:4      | Noticed a scorpion
  2541 | D:4      | Killed a scorpion
  2542 | D:4      | Reached XP level 5. HP: 43/43 MP: 5/7
  2600 | D:4      | Found an ornate altar of the Wu Jian Council.
  2762 | D:4      | Noticed a black bear
  2781 | D:4      | Killed a black bear
  2782 | D:4      | Reached XP level 6. HP: 14/50 MP: 8/8
  3021 | D:4      | Found a staircase to the Ecumenical Temple.
  3321 | D:5      | Entered Level 5 of the Dungeon
  3327 | D:5      | Reached skill level 5 in Fighting
  3327 | D:5      | Reached skill level 5 in Dodging
  3643 | D:5      | Reached XP level 7. HP: 54/56 MP: 10/10
  3876 | D:5      | Reached *** piety under Qazlal
  4424 | D:6      | Found Feib's Antique Weapon Boutique.
  4436 | D:6      | Bought a glowing hand crossbow for 169 gold pieces
  4505 | D:6      | Noticed Sigmund
  4509 | D:6      | Killed Sigmund
  4510 | D:6      | Reached skill level 9 in Bows
  4510 | D:6      | Reached XP level 8. HP: 63/63 MP: 10/12
  4920 | D:6      | Slain by a wight

Illustrated notes

Levels and vault maps discovered:
D:1:      nicolae_arrival_somewhat_less_tricky_arrival, layout_basic,
          nicolae_ecumenical_snake_handling, minmay_vboxes
D:2:      layout_basic, minmay_misc_feat_rows
D:3:      layout_basic
D:4:      layout_loops_ring, kennysheep_little_box, minmay_temple_entry_fiery,
          serial_shops, shop, serial_bayou_pond_a
D:5:      layout_rooms, chequers_arboretum, minmay_misc_feat_pillars,
          nicolae_wormholes
D:6:      layout_basic, mainiacjoe_overflow_big_doors, serial_corexii_hall,
          corexii_hall_statues_i, chequers_hall_statues_y, serial_shops,
          nicolae_stop_n_shop_2, gup_sewer_entry_bubbles,
          nicolae_shop_dragon_depot, kennysheep_diamond, uniq_sigmund

Skill      XL: |  1  2  3  4  5  6  7  8 |
---------------+-------------------------+-----
Invocations    | 1 2 3 |  3.4
Short Blades   | 1 2 3 |  3.1
Long Blades    | 1 2 3 |  3.1
Axes           | 1 2 3 |  3.1
Maces & Flails | 1 2 3 |  3.1
Polearms       | 1 2 3 |  3.1
Staves         | 1 2 3 |  3.1
Slings         | 1 2 3 |  3.1
Crossbows      | 1 2 3 |  3.1
Throwing       | 1 2 3 |  3.1
Armour         | 1 2 3 |  3.1
Shields        | 1 2 3 |  3.1
Unarmed Combat | 1 2 3 |  3.1
Spellcasting   | 1 2 3 |  3.1
Evocations     | 1 2 3 |  3.1
Conjurations   | 1 2 |  2.5
Hexes          | 1 2 |  2.5
Summonings     | 1 2 |  2.5
Necromancy     | 1 2 |  2.5
Translocations | 1 2 |  2.5
Transmutations | 1 2 |  2.5
Fire Magic     | 1 2 |  2.5
Ice Magic      | 1 2 |  2.5
Air Magic      | 1 2 |  2.5
Earth Magic    | 1 2 |  2.5
Poison Magic   | 1 2 |  2.5
Stealth        | 3 4 |  4.0
Fighting       | 5 |  5.6
Dodging        | 5 |  5.6
Bows           | 9 |  9.1

Action                   |  1- 3 |  4- 6 |  7- 9 || total
-------------------------+-------+-------+-------++-------
 Fire: Shortbow          |   102 |   134 |    78 ||   314
       Hand crossbow     |       |       |    50 ||    50
Invok: Upheaval          |       |       |     1 ||     1
  Use: Scroll            |       |     1 |    13 ||    14
       Potion            |       |     1 |     2 ||     3
Armor: Leather armour    |     8 |     8 |     8 ||    24
Dodge: Dodged            |    14 |    32 |    41 ||    87
Block: Other             |     1 |    11 |     9 ||    21

Table legend: (Time is in decaauts)
 A = Elapsed time spent in this place.
 B = Non-inter-level travel time spent in this place.
 C = Inter-level travel time spent in this place.
 D = Time resting spent in this place.
 E = Time spent auto-exploring this place.
 F = Levels seen in this place.
 G = Mean time per level.
                   A        B        C        D        E       F      G
               +--------+--------+--------+--------+--------+-----+--------+
         Total |   4972 |   4771 |    201 |     72 |   3955 |   6 |  828.7 |
       Dungeon |   4972 |   4771 |    201 |     72 |   3955 |   6 |  828.7 |
               +--------+--------+--------+--------+--------+-----+--------+

Top non-repeatable levels by time:
     D:4: 1130 daAuts
     D:5: 1080 daAuts
     D:1: 848 daAuts
     D:3: 746 daAuts
     D:2: 616 daAuts
     D:6: 550 daAuts
